 Dungeon Crawl Stone Soup version 0.18-b1-16-g289874d (webtiles) character file.

83083 urechis the Fighter (level 15, -2/139 HPs)
             Began as a Minotaur Gladiator on May 1, 2016.
             Was the Champion of Okawaru.
             Slain by a six-headed hydra (13 damage)
             ... on level 4 of the Swamp.
             The game lasted 00:51:09 (25062 turns).

urechis the Fighter (Minotaur Gladiator)           Turns: 25062, Time: 00:51:10

Health: -2/139     AC: 22    Str: 25    XL:     15   Next: 31%
Magic:  16/18      EV: 22    Int:  5    God:    Okawaru [******]
Gold:   1277       SH:  2    Dex: 16    Spells: 1 memorised, 10 levels left

rFire  . . .     SeeInvis +     a - +8 quarterstaff "Qazut" {freeze, rElec rPois SInv}
rCold  . . .     Gourm    .     C - +3 scale mail {rPois}
rNeg   . . .     Faith    .     (shield currently unavailable)
rPois  +         Spirit   .     c - +1 hat
rElec  +         Dismiss  .     U - +0 cloak {MR+}
rCorr  .         Reflect  +     t - +0 pair of gloves
SustAt .         Harm     .     m - +0 pair of boots {run}
MR     ++...                    Q - +2 amulet of reflection
Stlth  +.........               s - +3 ring of protection
                                N - +4 ring of strength

@: heroism, quick, very resistant to hostile enchantments, very unstealthy
A: retaliatory headbutt, horns 2
a: Heroism, Finesse, Renounce Religion


You were on level 4 of the Swamp.
You worshipped Okawaru.
Okawaru was exalted by your worship.
You were not hungry.

You visited 3 branches of the dungeon, and saw 22 of its levels.

You collected 1532 gold pieces.
You spent 255 gold pieces at shops.

Inventory:

Hand Weapons
 a - the +8 quarterstaff "Qazut" (weapon) {freeze, rElec rPois SInv}
   (Okawaru gifted it to you on level 2 of the Lair of Beasts)

   It has been specially enchanted to freeze those struck by it, causing extra
   injury to most foes and up to half again as much damage against particularly
   susceptible opponents.
   It can also slow down cold-blooded creatures.
   It insulates you from electricity.
   It protects you from poison.
   It lets you see invisible.
Missiles
 d - 2 throwing nets (quivered)
 K - 2 tomahawks of dispersal
Armour
 c - a +1 hat (worn)
 m - a +0 pair of boots of running (worn)
 t - a +0 pair of gloves (worn)
 C - a +3 scale mail of poison resistance (worn)
 O - a +2 shield of reflection
 U - a +0 cloak of magic resistance (worn)
Jewellery
 g - an uncursed ring of resist corrosion
 s - a +3 ring of protection (right hand)
 N - a +4 ring of strength (left hand)
 Q - a +2 amulet of reflection (around neck)
Wands
 R - a wand of teleportation (6/9)
Scrolls
 e - 4 scrolls of amnesia
 i - 3 scrolls of blinking
 j - 2 scrolls of fog
 l - 3 scrolls of fear
 o - a scroll of vulnerability {unknown}
 p - 2 scrolls of acquirement
 q - 3 scrolls of enchant weapon
 u - a scroll of recharging {unknown}
 v - 6 scrolls of teleportation
 w - 7 scrolls of remove curse
 y - 6 scrolls of enchant armour
 B - a scroll of magic mapping {unknown}
 D - 2 scrolls of immolation {unknown}
 E - a scroll of summoning {unknown}
 Z - a scroll of torment {unknown}
Potions
 b - 7 potions of curing
 h - 4 potions of might
 x - 5 potions of resistance {unknown}
 z - 2 potions of cancellation {unknown}
 A - 2 potions of magic {unknown}
 F - a potion of mutation {unknown}
 H - 4 potions of ambrosia
 I - a potion of invisibility
 P - 2 potions of flight
 V - 3 potions of haste
 X - 2 potions of agility {unknown}
Comestibles
 f - 20 bread rations
 k - 9 beef jerkies
 r - 9 meat rations
 G - 9 chunks of flesh
 J - 5 royal jellies
 L - 2 fruits
 M - 9 slices of pizza


   Skills:
 + Level 14.3(19.3) Fighting
 - Level 14.1(19.1) Staves
 - Level 2.0(7.0) Throwing
 - Level 10.0(15.0) Armour
 - Level 12.0(17.0) Dodging
 * Level 13.3 Earth Magic
 + Level 6.4 Invocations


You had 10 spell levels left.
You knew the following spells:

 Your Spells              Type           Power        Failure   Level  Hunger
a - Leda's Liquefaction   Hex/Erth       #.........   71%         4    #####..


Dungeon Overview and Level Annotations

Branches:
Dungeon (10/15)            Temple (0/1) D:7            Lair (8/8) D:10
  Swamp (4/4) Lair:5        Snake (0/4) Lair:6        Slime (0/6) Lair:6
    Orc: D:9-12

Altars:
Ashenzari
Cheibriados
Dithmenos
Gozag
Nemelex Xobeh
Okawaru
Pakellas
Qazlal
Sif Muna
Trog
Vehumet
Zin
The Shining One
Jiyva

Shops:
D:9 !


Innate Abilities, Weirdness & Mutations

You reflexively headbutt those who attack you in melee.
You have a pair of horns on your head.


Message History

You headbutt the eight-headed hydra!
You kill the eight-headed hydra!
Okawaru accepts your kill. Something appears at your feet!
Okawaru grants you a gift! The six-headed hydra bites you.
* * * LOW HITPOINT WARNING * * *
The six-headed hydra bites you.
* * * LOW HITPOINT WARNING * * *
The six-headed hydra barely misses you. The six-headed hydra bites you.
* * * LOW HITPOINT WARNING * * *
The six-headed hydra bites you but does no damage. x2
The swamp drake moves out of view.
You bludgeon the six-headed hydra!! You freeze the six-headed hydra.
The six-headed hydra is moderately wounded.
The six-headed hydra bites you!
* * * LOW HITPOINT WARNING * * *
The six-headed hydra bites you but does no damage.
The six-headed hydra bites you!
You die...

≈≈≈≈≈≈≈ ♣≈≈.≈≈≈ .≈≈≈≈≈≈≈≈
.≈♣ ♣§♣.≈≈≈ ♣≈.≈≈≈≈≈≈ ≈≈.≈
♣≈.≈≈≈ ≈..≈≈≈§. ≈≈≈≈≈♣
♣.≈..≈ ♣≈...≈♣♣ ≈≈.≈♣♣
♣≈..♣≈ ♣.....♣♣ ≈....♣♣
♣♣♣≈♣♣
≈♣♣♣≈≈≈≈..♣♣♣.....♣♣♣♣♣≈.♣
..§.≈≈≈≈.†k♣..≈≈≈..≈♣♣≈..≈
.≈.≈≈≈≈.†@D..k.≈≈≈≈.♣♣≈≈..
....≈≈≈###n#.♣.≈≈≈≈.≈♣...♣
#.#+#.##P...#..≈≈≈≈≈.♣♣♣♣≈
≈.≈#....[#..≈≈≈≈..≈♣♣♣≈
.≈8..[P...#♣..≈..♣♣♣♣≈.♣
#P..≈#..≈.§#≈≈≈.≈≈♣ ♣≈...
#≈.8....≈.##≈≈≈≈≈≈.♣♣.≈≈.
#.. ...#.##≈...≈≈k..≈.≈≈≈
8..≈.D ≈≈.≈§≈≈.≈≈..≈.


You could see a six-headed hydra, a bog body and 2 swamp drakes.

Vanquished Creatures
  Donald (Swamp:2)
  A very ugly thing (Swamp:2)
  6 dire elephants (Lair:8)
  17 hydras
  A ghost crab (Swamp:2)
  An anaconda (Lair:8)
  A tengu warrior (D:9)
  3 alligators (Swamp:2)
  The ghost of ilikecats the Destroyer, a novice DEAE of Sif Muna (D:10)
  A fire crab (Lair:8)
  4 swamp dragons
  5 shambling mangroves
  A hill giant (D:10)
  Pikel (D:6)
  The ghost of eragonby the Destroyer, a novice DECj (D:6)
  A griffon (Lair:5)
  A hornet (Swamp:3)
  8 black mambas
  Maurice (D:9)
  A centaur zombie (D:10)
  14 elephants
  A torpor snail (Lair:6)
  19 spiny frogs
  4 rime drakes
  14 komodo dragons
  A tengu conjurer (D:9)
  2 trolls
  4 giant leeches
  14 blink frogs
  7 bog bodies
  A boulder beetle (Lair:4)
  4 slime creatures
  3 shadows
  A spriggan (Swamp:2)
  A centaur simulacrum (D:10)
  3 wyverns
  A human (D:9)
  43 yaks
  6 hippogriffs
  13 vampire mosquitoes
  2 basilisks
  3 insubstantial wisps (Swamp:4)
  14 swamp worms
  The ghost of unh01y the Sneak, an amateur KoAs of Ashenzari (D:3)
  5 nagas (Lair:6)
  12 porcupines
  Duvessa (D:5)
  23 water moccasins
  2 phantoms
  4 black bears
  4 orc warriors
  4 ice beasts
  2 sky beasts
  2 slaves (D:6)
  11 swamp drakes
  11 wasps
  5 ogres
  2 centaurs (D:6)
  11 wolves
  14 crocodiles
  A big kobold (D:9)
  23 giant frogs
  A gnoll sergeant (D:2)
  Dowan (D:5)
  4 scorpions
  6 killer bees (D:9)
  11 wights
  5 electric eels
  2 crimson imps (D:5)
  A giant frog zombie (D:9)
  A quasit (D:10)
  4 orc priests
  Crazy Yiuf (D:6)
  A giant frog skeleton (D:10)
  2 gnoll shamans
  6 hounds
  7 jellies
  17 iguanas
  8 orc wizards
  4 worker ants
  A killer bee zombie (D:9)
  14 sheep
  2 hound skeletons
  15 gnolls
  17 adders
  46 river rats
  3 shadow imps
  17 white imps
  5 oozes
  4 adder skeletons
  2 worms
  A dart slug (D:1)
  2 giant geckos
  29 orcs
  2 ball pythons
  11 bats
  9 giant cockroaches
  4 goblins
  10 hobgoblins
  3 jackals (D:1)
  12 kobolds
  6 quokkas
  3 giant newts
  A jackal skeleton (D:7)
  2 quokka skeletons
  4 rats
  6 plants
683 creatures vanquished.

Vanquished Creatures (others)
  A porcupine (Lair:6)
  An orc priest (D:8)
  A river rat (Lair:6)
  A bush (Swamp:4)
  21 fungi
  23 plants
  A toadstool (D:10)
49 creatures vanquished.

Grand Total: 732 creatures vanquished

Notes
Turn   | Place    | Note
--------------------------------------------------------------
     0 | D:1      | urechis the Minotaur Gladiator began the quest for the Orb.
     0 | D:1      | Reached XP level 1. HP: 18/18 MP: 0/0
    42 | D:1      | Reached XP level 2. HP: 23/25 MP: 1/1
   122 | D:1      | Found a shattered altar of Ashenzari.
   270 | D:1      | Reached skill level 5 in Staves
   330 | D:1      | Reached XP level 3. HP: 26/30 MP: 2/2
   927 | D:2      | Found an iron altar of Okawaru.
   933 | D:2      | Found a bloodstained altar of Trog.
  1612 | D:3      | Noticed unh01y's ghost (amateur KoAs)
  1650 | D:3      | Killed unh01y's ghost
  1650 | D:3      | Reached XP level 4. HP: 29/37 MP: 3/3
  1650 | D:3      | Reached XP level 5. HP: 33/42 MP: 4/4
  1993 | D:2      | Reached XP level 6. HP: 7/50 MP: 5/5
  2793 | D:2      | Became a worshipper of Warmaster Okawaru
  2988 | D:4      | Reached XP level 7. HP: 50/56 MP: 6/6
  3020 | D:4      | Found an opulent altar of Gozag.
  3050 | D:4      | Found a shattered altar of Ashenzari.
  3223 | D:4      | Found a bloodstained altar of Trog.
  3257 | D:5      | Entered Level 5 of the Dungeon
  3302 | D:5      | Reached skill level 10 in Staves
  3333 | D:5      | Found a glowing silver altar of Zin.
  3793 | D:5      | Noticed Duvessa
  3793 | D:5      | Noticed Dowan
  3799 | D:5      | Killed Duvessa
  3799 | D:5      | Reached * piety under Okawaru
  3820 | D:5      | Killed Dowan
  4118 | D:5      | Found a snail-covered altar of Cheibriados.
  4207 | D:5      | Reached XP level 8. HP: 57/62 MP: 7/7
  4621 | D:5      | Learned a level 4 spell: Leda's Liquefaction
  4842 | D:6      | Noticed Crazy Yiuf
  4847 | D:6      | Killed Crazy Yiuf
  4877 | D:6      | Noticed eragonby's ghost (novice DECj)
  4890 | D:6      | Killed eragonby's ghost
  4979 | D:6      | Noticed Pikel
  4984 | D:6      | Killed Pikel
  4984 | D:6      | Reached ** piety under Okawaru
  4984 | D:6      | Reached XP level 9. HP: 68/68 MP: 8/8
  4988 | D:6      | Reached skill level 1 in Armour
  5088 | D:6      | Found a glowing golden altar of the Shining One.
  5520 | D:7      | Reached *** piety under Okawaru
  5797 | D:7      | Reached skill level 5 in Armour
  5926 | D:7      | Found a staircase to the Ecumenical Temple.
  6111 | D:7      | Reached skill level 5 in Dodging
  6159 | D:8      | Found a radiant altar of Vehumet.
  6265 | D:8      | Got an ebony long sword
  6266 | D:8      | Lost intelligence.
  6266 | D:8      | Identified the +3 long sword of the Sky {holy, rElec rPois rF++ Int-5} (You found it on level 8 of the Dungeon)
  6706 | D:8      | Received a gift from Okawaru
  6854 | D:8      | Reached XP level 10. HP: 78/80 MP: 9/9
  6962 | D:9      | Noticed Maurice
  6969 | D:9      | Killed Maurice
  6969 | D:9      | Reached skill level 5 in Fighting
  7045 | D:9      | Reached **** piety under Okawaru
  7215 | D:9      | Found a stormy altar of Qazlal.
  7219 | D:9      | Found a deep blue altar of Sif Muna.
  7219 | D:9      | Found an oddly glowing altar of Pakellas.
  7230 | D:9      | Found a sparkling altar of Nemelex Xobeh.
  7233 | D:9      | Found a shadowy altar of Dithmenos.
  7309 | D:9      | Noticed a tengu warrior
  7346 | D:9      | Killed a tengu warrior
  7353 | D:9      | Received a gift from Okawaru
  7452 | D:9      | Reached ***** piety under Okawaru
  8258 | D:9      | Found Unattint's Distillery.
  8262 | D:9      | Bought a potion of haste for 150 gold pieces
  8262 | D:9      | Bought a potion of flight for 45 gold pieces
  8262 | D:9      | Bought a potion of might for 60 gold pieces
  8364 | D:9      | Reached skill level 10 in Armour
  8406 | D:10     | Entered Level 10 of the Dungeon
  8406 | D:10     | Noticed ilikecats's ghost (novice DEAE)
  8415 | D:10     | Received a gift from Okawaru
  8418 | D:10     | Killed ilikecats's ghost
  8418 | D:10     | Reached skill level 1 in Earth Magic
  8418 | D:10     | Reached XP level 11. HP: 77/92 MP: 10/10
  8885 | D:10     | Found a viscous altar of Jiyva.
  9145 | D:10     | Found a staircase to the Lair.
  9210 | D:10     | Found an iron altar of Okawaru.
  9380 | D:10     | Noticed a hill giant
  9391 | D:10     | Killed a hill giant
  9835 | Lair:1   | Entered Level 1 of the Lair of Beasts
  9955 | Lair:1   | Received a gift from Okawaru
 10009 | Lair:1   | Reached skill level 5 in Earth Magic
 10114 | Lair:1   | Reached ****** piety under Okawaru
 10533 | Lair:2   | Received a gift from Okawaru
 10552 | Lair:2   | Got a crystal quarterstaff {god gift}
 10553 | Lair:2   | Identified the +8 quarterstaff "Qazut" {freeze, rElec rPois SInv} (Okawaru gifted it to you on level 2 of the Lair of Beasts)
 10671 | Lair:2   | Reached XP level 12. HP: 105/105 MP: 11/11
 10694 | Lair:2   | Noticed a five-headed hydra
 10700 | Lair:2   | Killed a five-headed hydra
 11323 | Lair:3   | Reached skill level 10 in Fighting
 11499 | Lair:3   | Received a gift from Okawaru
 11504 | Lair:3   | Reached skill level 10 in Dodging
 11638 | Lair:3   | Received a gift from Okawaru
 11884 | Lair:3   | Noticed a five-headed hydra
 11890 | Lair:3   | Killed a five-headed hydra
 12201 | Lair:3   | Noticed a six-headed hydra
 12207 | Lair:3   | Killed a six-headed hydra
 12946 | Lair:4   | Received a gift from Okawaru
 13339 | Lair:4   | Reached XP level 13. HP: 116/116 MP: 12/12
 14027 | Lair:5   | Found a staircase to the Swamp.
 15220 | Lair:6   | Received a gift from Okawaru
 15281 | Lair:6   | Reached skill level 10 in Earth Magic
 15534 | Lair:6   | You fall through a shaft for 2 floors!
 15534 | Lair:8   | Entered Level 8 of the Lair of Beasts
 15795 | Lair:7   | Found an opulent altar of Gozag.
 15959 | Lair:6   | Found a staircase to the Slime Pits.
 16018 | Lair:6   | Found a staircase to the Snake Pit.
 17084 | Lair:7   | Received a gift from Okawaru
 17101 | Lair:7   | Identified a +0 pair of boots of running (Okawaru gifted it to you on level 7 of the Lair of Beasts)
 17236 | Lair:7   | Reached XP level 14. HP: 110/127 MP: 13/13
 17923 | Lair:8   | Reached skill level 1 in Invocations
 19120 | Lair:8   | Identified Sif Muna's Guide on Freezing Necromancy
 20161 | Swamp:1  | Entered Level 1 of the Swamp
 20703 | Swamp:1  | Received a gift from Okawaru
 20706 | Swamp:1  | Got a crude executioner's axe {god gift}
 20707 | Swamp:1  | Identified the +7 executioner's axe of Mafecem {drain, rElec rC++ MR+++ Int-3} (Okawaru gifted it to you on level 1 of the Swamp)
 21985 | Swamp:2  | Reached skill level 5 in Invocations
 22123 | Swamp:2  | Received a gift from Okawaru
 22124 | Swamp:2  | Got a slimy lajatang {god gift}
 22125 | Swamp:2  | Identified the +1 lajatang "Iloir" {freeze, +Fly rElec Int+4 Dex-3} (Okawaru gifted it to you on level 2 of the Swamp)
 22229 | Swamp:2  | Noticed Donald
 22245 | Swamp:2  | Killed Donald
 22666 | Swamp:2  | You fall through a shaft!
 22847 | Swamp:2  | Noticed a red very ugly thing
 22859 | Swamp:2  | Killed a red very ugly thing
 22859 | Swamp:2  | Reached XP level 15. HP: 71/138 MP: 18/18
 23714 | Swamp:2  | Found an oddly glowing altar of Pakellas.
 24213 | Swamp:3  | Identified 2 scrolls of acquirement
 24739 | Swamp:4  | Entered Level 4 of the Swamp
 24969 | Swamp:4  | Received a gift from Okawaru
 25061 | Swamp:4  | Received a gift from Okawaru
 25062 | Swamp:4  | Slain by a six-headed hydra

Skill      XL: |  1  2  3  4  5  6  7  8  9 10 11 12 13 14 15 |
---------------+----------------------------------------------+-----
Staves         | 4 5 7 8 9 11 14 | 14.1
Armour         | 6 10 | 10.0
Fighting       | 4 7 9 11 12 14 | 14.3
Dodging        | 5 7 9 10 12 | 12.0
Earth Magic    | 1 6 8 11 12 13 | 13.3
Invocations    | 5 6 |  6.4
Throwing       | |  2.0

Action                   |  1- 3 |  4- 6 |  7- 9 | 10-12 | 13-15 || total
-------------------------+-------+-------+-------+-------+-------++-------
Melee: Quarterstaff      |    97 |    98 |   262 |   628 |  1072 ||  2157
       Headbutt          |    17 |    18 |    54 |   142 |   283 ||   514
Throw: Throwing net      |       |       |       |       |     2 ||     2
Invok: Heroism           |       |       |       |       |     1 ||     1
  Use: Scroll            |       |       |     2 |     4 |    15 ||    21
       Potion            |       |       |       |       |     6 ||     6
 Stab: Confused          |       |       |     1 |     1 |       ||     2
       Paralysed         |       |       |       |     2 |       ||     2
       Held in net/web   |       |       |       |       |     1 ||     1
  Eat: Chunk             |     2 |     4 |    10 |    21 |    27 ||    64
       Fruit             |       |       |     2 |       |    13 ||    15
Armor: Leather armour    |    25 |    24 |       |       |       ||    49
       Scale mail        |       |    15 |    59 |   166 |   335 ||   575
       Ring mail         |       |       |     4 |       |       ||     4
Dodge: Dodged            |    72 |    60 |    96 |   291 |   678 ||  1197
Block: Other             |       |       |       |       |     3 ||     3
